 Dungeon Crawl Stone Soup version 0.30-a0-404-g0b3c3f4973 (webtiles) character file.

Game seed: 4830913832380279506

1187 ketsa the Conjurer (level 8, -5/57 HPs)
             Began as a Green Draconian Conjurer on Dec 7, 2022.
             Slain by a gnoll sergeant
             ... wielding the +3 woodcutter's axe {vorpal}
              (6 damage)
             ... on level 6 of the Dungeon.
             The game lasted 00:26:29 (7817 turns).

ketsa the Conjurer (Green Draconian Conjurer)       Turns: 7817, Time: 00:26:29

Health: -5/57      AC:  7    Str: 11    XL:     8   Next: 19%
Magic:  12/15      EV: 12    Int: 20    God:
Gold:   251        SH:  0    Dex:  9    Spells: 6/16 levels left

rFire   . . .      SeeInvis .    y - +2 dagger (protect)
rCold   . . .      Faith    .    (no shield)
rNeg    . . .      Spirit   .    (body armour unavailable)
rPois   +          Reflect  .    (helmet restricted)
rElec   .          Harm     .    F - +0 cloak
rCorr   .          Rampage  .    (no gloves)
Will    .....                    (no boots)
Stlth   ++........               (no amulet)
HPRegen 0.29/turn                (no ring)
MPRegen 0.14/turn                (no ring)

@: no status effects
A: breathe noxious fumes, AC +6, unfitting armour, poison resistance,
cold-blooded
a: Breathe Noxious Fumes


You were on level 6 of the Dungeon.
You visited 1 branch of the dungeon, and saw 6 of its levels.

You collected 284 gold pieces.
You spent 33 gold pieces at shops.

Inventory:

Hand Weapons
 c - a +0 spear
 l - a +0 dagger
 n - a +1 mace of holy wrath
 y - a +2 dagger of protection (weapon)
 H - a +1 dagger of freezing
Missiles
 g - 12 boomerangs (quivered)
 s - 53 stones
Armour
 f - a +0 scale mail
 q - a +0 helmet
 D - a scarf of repulsion
 F - a +0 cloak (worn)
Jewellery
 A - a ring of ice
Wands
 x - a wand of polymorph (6)
Scrolls
 m - a scroll of poison {unknown}
 o - 2 scrolls of fog {unknown}
 r - a scroll of fear {unknown}
 t - a scroll of vulnerability {unknown}
 v - 3 scrolls of enchant armour {unknown}
 w - 2 scrolls of blinking {unknown}
 z - a scroll of magic mapping {unknown}
 B - a scroll of teleportation {unknown}
 C - a scroll of immolation {unknown}
 G - 2 scrolls of identify
Potions
 a - a potion of magic
 b - 2 potions of heal wounds
 d - 4 potions of mutation
 e - 3 potions of degeneration {unknown}
 h - a potion of resistance {unknown}
 i - 2 potions of curing
 j - 3 potions of brilliance
 k - a potion of might {unknown}
 p - a potion of berserk rage {unknown}
 u - 2 potions of haste {unknown}
 E - a potion of invisibility {unknown}


   Skills:
 - Level 4.1 Dodging
 - Level 1.7 Stealth
 + Level 4.6 Spellcasting
 + Level 7.5 Conjurations
 * Level 3.4 Hexes


You had 6 spell levels left.
You knew the following spells:

 Your Spells              Type           Power      Damage    Failure   Level
a - Magic Dart            Conj           100%       1d8       1%          1
b - Searing Ray           Conj           68%        2d6       1%          2
c - Dazzling Flash        Conj/Hex       52%        N/A       3%          3
d - Fulminant Prism       Conj/Hex       13%        3d8       13%         4

Your spell library contained the following spells:

 Spells                   Type           Power      Damage    Failure   Level
 Summon Small Mammal      Summ           16%        N/A       12%         1
 Summon Guardian Golem    Hex/Summ       11%        N/A       19%         3
 Iskenderun's Mystic Bla  Conj/Tloc      19%        2d6       26%         4
 Call Canine Familiar     Summ           4%         N/A       36%         3


Dungeon Overview and Level Annotations

Branches:
Dungeon (6/15)
 Temple: D:4-7

Altars:

Shops:
D:3 !(**   D:6 :


Innate Abilities, Weirdness & Mutations

You can breathe blasts of noxious fumes.
Your lurid green scales are hard. (AC +6)
You cannot fit into any form of body armour.
Your system is resistant to poisons. (rPois)
You are cold-blooded and may be slowed by cold attacks.


Message History

The gnoll is almost dead.
The searing ray hits the gnoll!
You kill the gnoll!
You climb upwards.
There is a stone staircase leading down here.
You start resting.
Your attacks no longer feel as feeble.
You start resting.
HP restored.
Magic restored.
You climb downwards.
There is a stone staircase leading up here.
Things that are here:
a +0 club; a gnoll corpse
Items here: )) [[ †.
Okay, then.
There is an open door here.
You see here a +0 hand axe.
You see here a +0 trident.
Things that are here:
a +0 ring mail; a +0 hand axe You see here a +3 whip.
A gnoll sergeant comes into view.
It is wielding the +3 woodcutter's axe {vorpal}.
The gnoll sergeant shouts!
You hear a shout!
The gnoll sergeant hits you with the +3 woodcutter's axe {vorpal}!
The gnoll sergeant misses you.
Casting: Searing Ray (safe; 1% risk of failure)
Confirm with . or Enter, or press ? or * to list all spells.
Aiming: Searing Ray (safe; 1% risk of failure)
Press: ? - help, Shift-Dir - straight line, f - gnoll sergeant
Aim: a gnoll sergeant, wielding the +3 woodcutter's axe {vorpal} and wearing a +0 scale mail (86% to hit)
The searing ray hits the gnoll sergeant.
The gnoll sergeant is lightly wounded. (Press . to maintain the ray.)
The gnoll sergeant hits you with the +3 woodcutter's axe {vorpal}!
The searing ray hits the gnoll sergeant.
The gnoll sergeant is heavily wounded.
The gnoll sergeant hits you with the +3 woodcutter's axe {vorpal}!!
* * * LOW HITPOINT WARNING * * *
You die...

#......#'##.....<....#
#.###...)##########..#
#.....#### ## #####.#
#)# . #[## ... ##)##
.♣..$♣♣##.#
g.......g@#
♣....♣♣##.# .). #..# .
##.# #.# #.# #.# #.#
#.#


You could see a gnoll sergeant.

Vanquished Creatures
  A water moccasin (D:3)
  A black bear (D:3)
  2 gnoll sergeants (D:6)
  A bullfrog (D:6)
  2 scorpions (D:4)
  3 orc priests
  A hound (D:5)
  A jelly (D:4)
  4 gnoll boudas
  Natasha (twice) (D:4)
  2 iguanas
  An orc wizard (D:5)
  16 gnolls
  5 adders
  A shadow imp (D:5)
  An ufetubus (D:5)
  2 worms
  2 dart slugs (D:2)
  9 orcs
  4 ball pythons
  4 bats
  8 endoplasms
  5 giant cockroaches
  7 goblins
  7 hobgoblins
  6 jackals
  7 kobolds
  A quokka (D:2)
  6 rats
112 creatures vanquished.

Notes
Turn   | Place    | Note
-------+----------+-------------------------------------------
     0 | D:1      | ketsa the Draconian Conjurer began the quest for the Orb.
     0 | D:1      | Reached XP level 1. HP: 14/14 MP: 3/3
   584 | D:1      | Reached XP level 2. HP: 20/20 MP: 1/5
  1230 | D:2      | Reached XP level 3. HP: 26/26 MP: 3/6
  1690 | D:2      | Found a faded altar of an unknown god.
  2323 | D:3      | Noticed a water moccasin
  2404 | D:3      | Reached XP level 4. HP: 26/33 MP: 1/7
  2600 | D:3      | Learned a level 2 spell: Searing Ray
  2632 | D:3      | Found Miecon's Weapon Emporium.
  2784 | D:3      | Found Suiceoc's General Store.
  2816 | D:3      | Found Qecuf's Distillery.
  2824 | D:3      | Bought a potion of curing for 33 gold pieces
  2934 | D:3      | Reached skill level 5 in Conjurations
  3477 | D:3      | Found Oleenupp's Assorted Antiques.
  3723 | D:3      | Killed a water moccasin
  3724 | D:3      | Reached XP level 5. HP: 25/38 MP: 0/9
  4088 | D:4      | Learned a level 3 spell: Dazzling Flash
  4101 | D:4      | Noticed a black bear
  4103 | D:4      | Noticed Natasha
  4124 | D:3      | Killed a black bear
  4125 | D:3      | Reached skill level 6 in Conjurations
  4125 | D:3      | Reached XP level 6. HP: 24/45 MP: 2/11
  4390 | D:4      | Killed Natasha
  4538 | D:4      | Reached skill level 1 in Hexes
  5027 | D:4      | Your scales start taking on a lurid green colour.
  5027 | D:4      | Reached XP level 7. HP: 48/50 MP: 3/12
  5027 | D:4      | Gained mutation: Your system is resistant to poisons.
                  | (rPois) [Green Draconian growth]
  5068 | D:4      | Noticed Natasha
  5074 | D:4      | Killed Natasha
  5467 | D:5      | Entered Level 5 of the Dungeon
  6429 | D:5      | Reached skill level 7 in Conjurations
  7210 | D:5      | Learned a level 4 spell: Fulminant Prism
  7486 | D:6      | Found Sudyihoh's Book Shoppe.
  7562 | D:6      | Reached XP level 8. HP: 49/57 MP: 8/14
  7817 | D:6      | HP: 1/57 [gnoll sergeant/the +3 woodcutter's axe {vorpal}
                  | (23)]
  7817 | D:6      | Slain by a gnoll sergeant

Illustrated notes

Levels and vault maps discovered:
D:1:      amcnicky_arrival_underground_garden, layout_loops_corners
D:2:      layout_loops_corners, shapermc_ecumenical_altar_venn,
          minmay_pentomino_s2
D:3:      layout_basic, serial_shops, nicolae_shop_bloodbath_and_beyond, shop,
          nicolae_square_shop, nicolae_shop_statue_plus,
          chequers_serial_rivers_large_a, hangedman_decor_growths, st_stairs_3
D:4:      layout_basic, serial_corexii_hall, corexii_hall_statues_l,
          chequers_hall_statues_wall_a, uniq_natasha
D:5:      nicolae_cairo_tiling_large_dashed, layout_gridville
D:6:      minmay_angry_zag, layout_loops_ring, serial_shops,
          nicolae_shop_hallway_stairs, pf_guarded_unrand_woodcutter,
          uniq_crazy_yiuf_cottage

Skill      XL: |  1  2  3  4  5  6  7  8 |
---------------+-------------------------+-----
Dodging        | 2 3 4 |  4.1
Conjurations   | 5 6 7 |  7.5
Spellcasting   | 3 4 |  4.6
Hexes          | 1 2 3 |  3.4
Stealth        | |  1.7

Action                   |  1- 3 |  4- 6 |  7- 9 || total
-------------------------+-------+-------+-------++-------
Melee: Spear             |    73 |    65 |       ||   138
       Tailslap          |     7 |     6 |    12 ||    25
       Punch             |     2 |       |     1 ||     3
       Dagger            |       |       |    43 ||    43
Throw: Boomerang         |       |     5 |       ||     5
 Cast: Magic Dart        |    47 |    21 |    25 ||    93
       Searing Ray       |       |    20 |    37 ||    57
  Use: Scroll            |       |     3 |       ||     3
       Potion            |       |       |     1 ||     1
 Stab: Sleeping          |     1 |     2 |       ||     3
Armor: Skin              |    19 |    36 |    23 ||    78
Dodge: Dodged            |    45 |    64 |    45 ||   154

Table legend: (Time is in decaauts)
 A = Elapsed time spent in this place.
 B = Non-inter-level travel time spent in this place.
 C = Inter-level travel time spent in this place.
 D = Time resting spent in this place.
 E = Time spent auto-exploring this place.
 F = Levels seen in this place.
 G = Mean time per level.
                   A        B        C        D        E       F      G
               +--------+--------+--------+--------+--------+-----+--------+
         Total |   7863 |   7552 |    311 |   2948 |   2682 |   6 | 1310.5 |
       Dungeon |   7863 |   7552 |    311 |   2948 |   2682 |   6 | 1310.5 |
               +--------+--------+--------+--------+--------+-----+--------+

Top non-repeatable levels by time:
     D:5: 1875 daAuts
     D:3: 1870 daAuts
     D:4: 1711 daAuts
     D:2: 1196 daAuts
     D:1: 1042 daAuts
     D:6: 165 daAuts
